[Event "GambitGuide"]
[Site "Internet Chess Club"]
[Date "2014.10.31"]
[Round "1"]
[White "JSBach"]
[Black "bergnaset"]
[Result "1/2-1/2"]
[ICCResult "Game drawn by repetition"]
[WhiteElo "1653"]
[BlackElo "1571"]
[Opening "Vienna: `Frankenstein-Dracula' variation"]
[ECO "C27"]
[NIC "VG.02"]
[Time "11:31:49"]
[TimeControl "120+12"]

1. e4 e5 2. Nc3 Nf6 3. Bc4 Nxe4 4. Qh5 Nd6 5. Bb3 Nc6 6. Nb5 g6 7. Qf3 f5 8.
Qd5 Qe7 9. Nxc7+ Kd8 10. Nxa8 b6 11. d3 Nb4 12. Bg5 Nxd5 13. Bxe7+ Nxe7 14.
d4 e4 15. c4 Bb7 16. c5 Nb5 17. Bc4 Bxa8 18. Bxb5 bxc5 19. dxc5 Bc6 20. Bxc6
Nxc6 21. Rc1 Bg7 22. b3 Ke7 23. h4 Rd8 24. h5 Kf6 25. h6 Bf8 26. Rc3 Ke5 27.
Ne2 Kd5 28. Nf4+ Ke5 29. Ne2 Kd5 30. Nf4+ Ke5 31. Ne2 Kd5 32. Nf4+ Ke5 33.
Ne2 {Game drawn by repetition} 1/2-1/2

[Event "GambitGuide"]
[Site "Internet Chess Club"]
[Date "2014.10.31"]
[Round "1"]
[White "JSBach"]
[Black "Fifo25"]
[Result "0-1"]
[ICCResult "White checkmated"]
[WhiteElo "1653"]
[BlackElo "1509"]
[Opening "Vienna: `Frankenstein-Dracula' variation"]
[ECO "C27"]
[NIC "VG.02"]
[Time "11:31:45"]
[TimeControl "120+12"]

1. e4 e5 2. Nc3 Nf6 3. Bc4 Nxe4 4. Qh5 Nd6 5. Bb3 Nc6 6. Nb5 g6 7. Qf3 f5 8.
Qd5 Qe7 9. Nxc7+ Kd8 10. Nxa8 b6 11. d3 Bb7 12. Nxb6 axb6 13. Qf3 Nd4 14.
Qg3 f4 15. Qg4 N6f5 16. Ne2 Nxe2 17. Kxe2 Nd4+ 18. Ke1 g5 19. c3 h5 20. Qd1
Bxg2 21. cxd4 Bxh1 22. dxe5 Qxe5+ 23. Qe2 Bb4+ 24. Kd1 Qc5 25. Bf7 g4 26.
Bxh5 Bf3 27. Qxf3 gxf3 28. Bg6 Rxh2 29. Bd2 Rh1+ 30. Be1 Rxe1#
{White checkmated}
0-1

[Event "GambitGuide"]
[Site "Internet Chess Club"]
[Date "2014.10.31"]
[Round "1"]
[White "JSBach"]
[Black "Bluecat"]
[Result "1-0"]
[ICCResult "Black resigns"]
[WhiteElo "1653"]
[BlackElo "1307"]
[Opening "Vienna: `Frankenstein-Dracula' variation"]
[ECO "C27"]
[NIC "VG.02"]
[Time "11:31:40"]
[TimeControl "120+12"]

1. e4 e5 2. Nc3 Nf6 3. Bc4 Nxe4 4. Qh5 Nd6 5. Bb3 Nc6 6. Nb5 g6 7. Qf3 f5 8.
Qd5 Qe7 9. Nxc7+ Kd8 10. Nxa8 b6 11. d3 Nb4 12. Qf3 e4 13. dxe4 Nxe4 14. Be3
Bb7 15. a3 Nd5 16. Bxd5 Bxd5 17. Nxb6 axb6 18. Bxb6+ Kc8 19. Qe3 Bg7 20. Rd1
Bc6 21. c3 Re8 22. Bd4 Qf7 23. Bxg7 Qxg7 24. Ne2 {Black resigns} 1-0

[Event "GambitGuide"]
[Site "Internet Chess Club"]
[Date "2014.10.31"]
[Round "1"]
[White "JSBach"]
[Black "Joennyxan"]
[Result "1-0"]
[ICCResult "Black forfeits on time"]
[WhiteElo "1653"]
[BlackElo "843"]
[Opening "Vienna: `Frankenstein-Dracula' variation"]
[ECO "C27"]
[NIC "VG.02"]
[Time "11:31:43"]
[TimeControl "120+12"]

1. e4 e5 2. Nc3 Nf6 3. Bc4 Nxe4 4. Qh5 Nd6 5. Bb3 Nc6 6. Nb5 g6 7. Qf3 f5 8.
Qd5 Qe7 9. Nxc7+ Kd8 10. Nxa8 b6 11. d3 e4 12. dxe4 Nxe4 13. Be3 Nb4 14. Qc4
{Black forfeits on time}
1-0

[Event "GambitGuide"]
[Site "Internet Chess Club"]
[Date "2014.10.31"]
[Round "1"]
[White "JSBach"]
[Black "littlecaesar"]
[Result "1-0"]
[ICCResult "Black resigns"]
[WhiteElo "1639"]
[BlackElo "2521"]
[Opening "Vienna: `Frankenstein-Dracula' variation"]
[ECO "C27"]
[NIC "VG.02"]
[Time "08:30:54"]
[TimeControl "120+12"]

1. e4 e5 2. Nc3 Nf6 3. Bc4 Nxe4 4. Qh5 Nd6 5. Bb3 Nc6 6. Nb5 g6 7. Qf3 f5 8.
Qd5 Qe7 9. Nxc7+ Kd8 10. Nxa8 b6 11. d3 f4 12. Ba4 Bb7 13. Nxb6 axb6 14. Qb3
Kc7 15. Nf3 g5 16. h4 g4 17. Ng5 h6 18. Ne4 Nxe4 19. dxe4 Qc5 20. Qb5 Qxb5
21. Bxb5 Nd4 22. Bd3 Bc5 23. c3 Ne6 24. b4 Be7 25. Ke2 Ra8 26. Bd2 d5 27.
exd5 Bxd5 28. Rh2 e4 29. Bc2 g3 30. fxg3 fxg3 31. Rh3 Bd6 32. Bxh6 Bf4 33.
Bg5 Bxg5 34. hxg5 Nf4+ 35. Ke3 Nxh3 36. gxh3 Rf8 37. h4 g2 38. Rg1 Rf3+ 39.
Kd4 e3 40. Kxd5 Rf2 41. Be4 Rd2+ 42. Kc4 e2 43. Bxg2 Rd1 44. Bf3 e1=Q 45.
Rxe1 Rxe1 46. h5 Rf1 47. g6 Rxf3 48. h6 Rf4+ 49. Kd5 Rg4 50. g7 {Black
resigns} 1-0

[Event "GambitGuide"]
[Site "Internet Chess Club"]
[Date "2014.10.31"]
[Round "1"]
[White "JSBach"]
[Black "Little-Fish"]
[Result "0-1"]
[ICCResult "White checkmated"]
[WhiteElo "1639"]
[BlackElo "1537"]
[Opening "Vienna: `Frankenstein-Dracula' variation"]
[ECO "C27"]
[NIC "VG.02"]
[Time "11:31:49"]
[TimeControl "120+12"]

1. e4 e5 2. Nc3 Nf6 3. Bc4 Nxe4 4. Qh5 Nd6 5. Bb3 Nc6 6. Nb5 g6 7. Qf3 f5 8.
Qd5 Qe7 9. Nxc7+ Kd8 10. Nxa8 b6 11. d3 Bb7 12. Nxb6 axb6 13. Qf3 Kc7 14.
Bd2 e4 15. Qe3 h5 16. dxe4 fxe4 17. Rd1 Nf5 18. Qf4+ Kc8 19. Bd5 Bh6 20.
Qxe4 Qd8 21. Bxh6 Re8 22. Be6 Ncd4 23. Qe5 Rxe6 24. Bf4 Rxe5+ 25. Bxe5 Bxg2
26. c3 Nf3+ 27. Nxf3 Bxf3 28. Kd2 Bxd1 29. Rxd1 Qg5+ 30. Kd3 Qg4 31. Kd2 Qe4
32. Re1 Qf3 33. b3 Qxf2+ 34. Re2 Qf3 35. Re1 Qd5+ 36. Kc1 Kb7 37. c4 Qd3 38.
Bf6 Ne3 39. Rxe3 Qxe3+ 40. Kb1 Qg1+ 41. Kc2 Qf2+ 42. Kd3 Qxf6 43. c5 bxc5
44. a4 Ka6 45. b4 cxb4 46. Kc2 Ka5 47. Kc1 Kxa4 48. Kc2 b3+ 49. Kd3 Ka3 50.
h4 b2 51. Kd2 b1=Q 52. Ke3 Qe5+ 53. Kf2 Qbb2+ 54. Kf1 Qee2+ 55. Kg1 Qg2#
{White checkmated}
0-1

[Event "GambitGuide"]
[Site "Internet Chess Club"]
[Date "2014.10.31"]
[Round "1"]
[White "JSBach"]
[Black "bergnaset"]
[Result "1-0"]
[ICCResult "Black resigns"]
[WhiteElo "1639"]
[BlackElo "1571"]
[Opening "Vienna: `Frankenstein-Dracula' variation"]
[ECO "C27"]
[NIC "VG.02"]
[Time "11:33:43"]
[TimeControl "120+12"]

1. e4 e5 2. Nc3 Nf6 3. Bc4 Nxe4 4. Qh5 Nd6 5. Bb3 Nc6 6. Nb5 g6 7. Qf3 f5 8.
Qd5 Qe7 9. Nxc7+ Kd8 10. Nxa8 b6 11. d3 Bb7 12. Nxb6 axb6 13. Qf3 e4 14.
dxe4 Nxe4 15. Be3 Ne5 16. Bxb6+ Ke8 17. Qe3 Bg7 18. Rd1 Ng4 19. Qe2 Ngxf2
20. Bxf2 Bxb2 21. Kf1 Qf6 22. Qd3 Ba6 23. c4 Kf7 24. Qxd7+ Qe7 25. Bh4 Qxd7
26. Rxd7+ Ke6 27. Ra7 Bxc4+ 28. Bxc4+ Ke5 29. Ke2 Re8 30. Rxh7 Kd4 31. Bf7
Re5 32. Nf3+ {Black resigns} 1-0

[Event "GambitGuide"]
[Site "Internet Chess Club"]
[Date "2014.10.31"]
[Round "1"]
[White "JSBach"]
[Black "bergnaset"]
[Result "1-0"]
[ICCResult "Black resigns"]
[WhiteElo "1639"]
[BlackElo "1571"]
[Opening "Vienna: `Frankenstein-Dracula' variation"]
[ECO "C27"]
[NIC "VG.02"]
[Time "11:35:37"]
[TimeControl "120+12"]

1. e4 e5 2. Nc3 Nf6 3. Bc4 Nxe4 4. Qh5 Nd6 5. Bb3 Nc6 6. Nb5 g6 7. Qf3 f5 8.
Qd5 Qe7 9. Nxc7+ Kd8 10. Nxa8 b6 11. d3 Nb4 12. Bg5 Nxd5 13. Bxe7+ Nxe7 14.
d4 exd4 15. O-O-O Nc6 16. c3 Bg7 17. cxd4 Nxd4 18. Bd5 Ba6 19. Nh3 Ke7 20.
Rhe1+ Kf6 21. Rxd4 Rc8+ 22. Kb1 {Black resigns} 1-0

[Event "GambitGuide"]
[Site "Internet Chess Club"]
[Date "2014.10.31"]
[Round "1"]
[White "JSBach"]
[Black "littlecaesar"]
[Result "1-0"]
[ICCResult "Black resigns"]
[WhiteElo "1639"]
[BlackElo "2521"]
[Opening "Vienna: `Frankenstein-Dracula' variation"]
[ECO "C27"]
[NIC "VG.02"]
[Time "11:35:49"]
[TimeControl "120+12"]

1. e4 e5 2. Nc3 Nf6 3. Bc4 Nxe4 4. Qh5 Nd6 5. Bb3 Nc6 6. Nb5 g6 7. Qf3 f5 8.
Qd5 Qe7 9. Nxc7+ Kd8 10. Nxa8 b6 11. d3 f4 12. Ba4 Bb7 13. Nxb6 axb6 14. Qb3
Kc7 15. Nf3 Bg7 16. a3 Rb8 17. Bd2 b5 18. Bxb5 Nd4 19. Ba5+ Kc8 20. Qc3+ Bc6
21. Ba6+ Nb7 22. Nd2 e4 23. dxe4 {Black resigns} 1-0

[Event "GambitGuide"]
[Site "Internet Chess Club"]
[Date "2014.10.31"]
[Round "1"]
[White "JSBach"]
[Black "Drunxican"]
[Result "1-0"]
[ICCResult "Black resigns"]
[WhiteElo "1639"]
[BlackElo "1518"]
[Opening "Vienna: `Frankenstein-Dracula' variation"]
[ECO "C27"]
[NIC "VG.02"]
[Time "11:31:43"]
[TimeControl "120+12"]

1. e4 e5 2. Nc3 Nf6 3. Bc4 Nxe4 4. Qh5 Nd6 5. Bb3 Nc6 6. Nb5 g6 7. Qf3 f5 8.
Qd5 Qe7 9. Nxc7+ Kd8 10. Nxa8 b6 11. d3 Bb7 12. Nxb6 axb6 13. Qf3 Nd4 14.
Qh3 e4 15. Be3 exd3 16. O-O-O Nxb3+ 17. cxb3 Be4 18. f3 Bc6 19. Rxd3 Bg7 20.
Bxb6+ Kc8 21. Re3 Qf6 22. Rc3 Kb7 23. Bc5 Nb5 24. Rc2 Re8 25. a4 Nd4 26.
Bxd4 Qxd4 27. Ne2 Qb4 28. Qxh7 Be5 29. Qxg6 Re7 30. Qxf5 Qxb3 31. Re1 Bxa4
32. Rd2 Qc4+ 33. Nc3 Bxc3 34. Rxe7 Bxd2+ 35. Kb1 Qc1+ 36. Ka2 Qc4+ 37. Ka1
Bc6 38. Rxd7+ Bxd7 39. Qxd7+ Kb6 40. Qxd2 {Black resigns} 1-0

[Event "GambitGuide"]
[Site "Internet Chess Club"]
[Date "2014.10.31"]
[Round "1"]
[White "JSBach"]
[Black "gman"]
[Result "0-1"]
[ICCResult "White checkmated"]
[WhiteElo "1639"]
[BlackElo "2312"]
[Opening "Vienna: `Frankenstein-Dracula' variation"]
[ECO "C27"]
[NIC "VG.02"]
[Time "11:33:15"]
[TimeControl "120+12"]

1. e4 e5 2. Nc3 Nf6 3. Bc4 Nxe4 4. Qh5 Nd6 5. Bb3 Nc6 6. Nb5 g6 7. Qf3 f5 8.
Qd5 Qe7 9. Nxc7+ Kd8 10. Nxa8 b6 11. d3 Bb7 12. Nxb6 axb6 13. Qf3 Kc7 14.
Be3 Nd4 15. Qh3 Nxb3 16. axb3 Bg7 17. b4 h6 18. Qg3 f4 19. Bxb6+ Kxb6 20.
Qxg6 Kc7 21. Ra5 e4 22. Rc5+ Kb8 23. Ne2 f3 24. Nf4 exd3+ 25. Kd1 fxg2 26.
Re1 Qf6 27. Qg3 dxc2+ 28. Rxc2 Rf8 29. Nxg2 Qf3+ 30. Ree2 Qxg3 31. fxg3 Bf3
32. Ke1 Bxe2 33. Kxe2 Nb5 34. Rc5 Nd4+ 35. Ke3 Kb7 36. Rd5 Kc6 37. Rxd4
Bxd4+ 38. Kxd4 Rf2 39. Ne3 Rxh2 40. b3 Rb2 41. Kc3 Re2 42. Nf5 Rg2 43. Kd3
h5 44. Kd4 Kb5 45. Kc3 Rf2 46. Nd6+ Kc6 47. Ne4 Rf3+ 48. Kd4 Rxb3 49. Kc4
Rf3 50. b5+ Kc7 51. Kd4 Ra3 52. Kc4 Kb6 53. Kb4 Re3 54. Nf6 Rxg3 55. Nxd7+
Kc7 56. Ne5 h4 57. Ka5 Ra3+ 58. Kb4 Re3 59. Nc4 Re4 60. b6+ Kb7 61. Kb5 Rxc4
62. Kxc4 h3 63. Kc5 h2 64. Kd4 h1=Q 65. Ke5 Kxb6 66. Kd4 Qh5 67. Ke4 Kc5 68.
Kd3 Qg4 69. Ke3 Kc4 70. Kd2 Qf3 71. Ke1 Qg2 72. Kd1 Kd3 73. Kc1 Qc2#
{White checkmated}
0-1

[Event "GambitGuide"]
[Site "Internet Chess Club"]
[Date "2014.10.31"]
[Round "1"]
[White "JSBach"]
[Black "littlecaesar"]
[Result "1-0"]
[ICCResult "Black resigns"]
[WhiteElo "1639"]
[BlackElo "2521"]
[Opening "Vienna: `Frankenstein-Dracula' variation"]
[ECO "C27"]
[NIC "VG.02"]
[Time "11:37:07"]
[TimeControl "120+12"]

1. e4 e5 2. Nc3 Nf6 3. Bc4 Nxe4 4. Qh5 Nd6 5. Bb3 Nc6 6. Nb5 g6 7. Qf3 f5 8.
Qd5 Qe7 9. Nxc7+ Kd8 10. Nxa8 b6 11. d3 f4 12. Ba4 Nb4 13. Qb3 Nf5 14. a3
Nc6 15. Nxb6 axb6 16. Qxb6+ Ke8 17. Bxc6 dxc6 18. Qxc6+ Bd7 19. Qa8+ Kf7 20.
Qd5+ Be6 21. Qxe5 Bg7 22. Qxf4 Bb3+ 23. Kf1 Bxc2 24. Qc4+ {Black resigns}
1-0

[Event "GambitGuide"]
[Site "Internet Chess Club"]
[Date "2014.10.31"]
[Round "1"]
[White "JSBach"]
[Black "Joennyxan"]
[Result "1-0"]
[ICCResult "Black resigns"]
[WhiteElo "1651"]
[BlackElo "843"]
[Opening "Vienna: `Frankenstein-Dracula' variation"]
[ECO "C27"]
[NIC "VG.02"]
[Time "11:34:28"]
[TimeControl "120+12"]

1. e4 e5 2. Nc3 Nf6 3. Bc4 Nxe4 4. Qh5 Nd6 5. Bb3 Nc6 6. Nb5 g6 7. Qf3 f5 8.
Qd5 Qe7 9. Nxc7+ Kd8 10. Nxa8 b6 11. d3 f4 12. Ba4 e4 13. Bxf4 exd3+ 14. Kd1
dxc2+ 15. Bxc2 Nb4 16. Qe5 Qxe5 17. Bxe5 Nxc2 18. Kxc2 Bb7 19. Bxh8 Be4+ 20.
Kd1 Bxg2 21. Bf6+ Be7 22. Nxb6 axb6 23. Bd4 Bxh1 24. Bxb6+ Ke8 25. a4
{Black resigns}
1-0

[Event "GambitGuide"]
[Site "Internet Chess Club"]
[Date "2014.10.31"]
[Round "1"]
[White "JSBach"]
[Black "Diracie"]
[Result "1-0"]
[ICCResult "Black resigns"]
[WhiteElo "1651"]
[BlackElo "1437"]
[Opening "Vienna: `Frankenstein-Dracula' variation"]
[ECO "C27"]
[NIC "VG.02"]
[Time "11:34:14"]
[TimeControl "120+12"]

1. e4 e5 2. Nc3 Nf6 3. Bc4 Nxe4 4. Qh5 Nd6 5. Bb3 Nc6 6. Nb5 g6 7. Qf3 f5 8.
Qd5 Qe7 9. Nxc7+ Kd8 10. Nxa8 b6 11. d3 Bg7 12. Ba4 Bb7 13. Nxb6 axb6 14.
Qb3 Nc8 15. Be3 Nd4 16. Bxd4 exd4+ 17. Kf1 Re8 18. Qb5 Qd6 19. Rd1 Re5 20.
Qc4 Bd5 21. Qa6 Qc7 22. f3 Bxa2 23. Ne2 Ra5 24. Qxa5 bxa5 25. Re1 Nb6 26.
Bb5 Qc5 27. Ra1 Qxb5 28. Rxa2 a4 29. Kf2 Nd5 30. Rc1 Nb4 31. Ra3 Bf8 32.
Raa1 Qe5 33. Rxa4 Qe3+ 34. Ke1 Nc6 35. Ra8+ Kc7 36. Rxf8 Nb4 37. Ra8 Nd5 38.
Ra7+ Kd8 39. Kf1 Nf4 40. Re1 Qd2 41. Nxf4 Qxf4 42. Ra8+ Kc7 43. h3 Qd6 44.
Rae8 Qb4 45. b3 Qc3 46. R1e2 Qa1+ 47. Kf2 Qa6 48. R8e7 Qd6 49. Rxh7 Qf4 50.
g3 Qc1 51. Rhe7 Qh1 52. b4 Qxh3 53. f4 Qh2+ 54. Kf3 Qh1+ 55. Rg2 Qf1+ 56.
Rf2 Qd1+ 57. Kg2 Qg4 58. Rfe2 g5 59. fxg5 Qxg5 60. R7e5 Qg4 61. Rf2 Qg7 62.
Rexf5 Qe7 63. b5 Kb6 64. g4 Qd6 65. Rf6 {Black resigns} 1-0

[Event "GambitGuide"]
[Site "Internet Chess Club"]
[Date "2014.10.31"]
[Round "1"]
[White "JSBach"]
[Black "bergnaset"]
[Result "1-0"]
[ICCResult "Black resigns"]
[WhiteElo "1637"]
[BlackElo "1571"]
[Opening "Vienna: `Frankenstein-Dracula' variation"]
[ECO "C27"]
[NIC "VG.02"]
[Time "11:36:53"]
[TimeControl "120+12"]

1. e4 e5 2. Nc3 Nf6 3. Bc4 Nxe4 4. Qh5 Nd6 5. Bb3 Nc6 6. Nb5 g6 7. Qf3 f5 8.
Qd5 Qe7 9. Nxc7+ Kd8 10. Nxa8 b6 11. d3 Bb7 12. Nxb6 axb6 13. Qf3 e4 14. Qe3
exd3 15. cxd3 Bg7 16. Ne2 Nd4 17. Qxe7+ Kxe7 18. Nxd4 Bxd4 19. Rg1 Kf6 20.
Kf1 Ba6 21. Bc2 Rc8 22. Bf4 Rxc2 23. Ke1 Nf7 24. Be3 Bxb2 25. Rb1 Bxd3 26.
Rxb2 Rxb2 27. Bd4+ Kg5 28. Bxb2 d5 29. Bd4 b5 30. Kd2 Bc4 31. a3 Nd6 32. Re1
Ne4+ 33. Kc1 Kf4 34. f3 Bd3 35. fxe4 fxe4 36. g3+ Kf3 37. Re3+ Kg2 38. h4 h5
39. Kd1 Kh3 40. Kc1 Kg4 41. Kd2 Kh3 42. Ke1 Kg4 43. Bf6 Kh3 44. Bd4 Kg4 45.
Kd2 Kh3 46. Kd1 Kg4 47. Ke1 Kh3 48. Kd1 Kg4 49. Kd2 {Black resigns} 1-0

[Event "GambitGuide"]
[Site "Internet Chess Club"]
[Date "2014.10.31"]
[Round "1"]
[White "JSBach"]
[Black "nsideurheadbro"]
[Result "1-0"]
[ICCResult "Black resigns"]
[WhiteElo "1637"]
[BlackElo "1184"]
[Opening "Vienna: `Frankenstein-Dracula' variation"]
[ECO "C27"]
[NIC "VG.02"]
[Time "11:35:43"]
[TimeControl "120+12"]

1. e4 e5 2. Nc3 Nf6 3. Bc4 Nxe4 4. Qh5 Nd6 5. Bb3 Nc6 6. Nb5 g6 7. Qf3 f5 8.
Qd5 Qe7 9. Nxc7+ Kd8 10. Nxa8 b6 11. d3 Bb7 12. Nxb6 axb6 13. Qf3 Nd4 14.
Qg3 f4 15. Qg4 g5 16. Ba4 h5 17. Qd1 Bxg2 18. c3 N4f5 19. Qb3 b5 20. Bxb5
Nxb5 21. Qxb5 Qd6 22. Bxf4 exf4 23. Qxf5 Bh6 24. Nh3 Bxh1 25. O-O-O Bf3 26.
Nxg5 Bxg5 27. Qxg5+ Kc7 28. Qa5+ Kc8 29. Rd2 Re8 30. b3 Re1+ 31. Kb2 Re2 32.
Rxe2 Bxe2 33. d4 f3 34. Qxh5 Qf4 35. Qe8+ Kc7 36. Qe5+ Qxe5 37. dxe5 Kc6 38.
c4 Kc5 39. Kc3 {Black resigns} 1-0

[Event "GambitGuide"]
[Site "Internet Chess Club"]
[Date "2014.10.31"]
[Round "1"]
[White "JSBach"]
[Black "bergnaset"]
[Result "1-0"]
[ICCResult "Black checkmated"]
[WhiteElo "1646"]
[BlackElo "1571"]
[Opening "Vienna: `Frankenstein-Dracula' variation"]
[ECO "C27"]
[NIC "VG.02"]
[Time "11:39:34"]
[TimeControl "120+12"]

1. e4 e5 2. Nc3 Nf6 3. Bc4 Nxe4 4. Qh5 Nd6 5. Bb3 Nc6 6. Nb5 g6 7. Qf3 f5 8.
Qd5 Qe7 9. Nxc7+ Kd8 10. Nxa8 b6 11. d3 Bb7 12. Nxb6 axb6 13. Qf3 Bg7 14.
Be3 Nd4 15. Qh3 N6b5 16. a4 Nxb3 17. cxb3 Nd4 18. Rc1 f4 19. Bxd4 exd4+ 20.
Kf1 Re8 21. Qxh7 Ba6 22. Qxg6 Bh6 23. Qxb6# {Black checkmated} 1-0

[Event "GambitGuide"]
[Site "Internet Chess Club"]
[Date "2014.10.31"]
[Round "1"]
[White "JSBach"]
[Black "Fellwind"]
[Result "1-0"]
[ICCResult "Black resigns"]
[WhiteElo "1646"]
[BlackElo "1477"]
[Opening "Vienna: `Frankenstein-Dracula' variation"]
[ECO "C27"]
[NIC "VG.02"]
[Time "11:39:12"]
[TimeControl "120+12"]

1. e4 e5 2. Nc3 Nf6 3. Bc4 Nxe4 4. Qh5 Nd6 5. Bb3 Nc6 6. Nb5 g6 7. Qf3 f5 8.
Qd5 Qe7 9. Nxc7+ Kd8 10. Nxa8 b6 11. d3 Bb7 12. Nxb6 axb6 13. Qf3 Bg7 14.
Be3 Nd4 15. Qh3 e4 16. dxe4 Nxe4 17. Rd1 Nxb3 18. cxb3 Qb4+ 19. Kf1 Bxb2 20.
Ne2 Ba6 21. Re1 Bc3 22. a3 Qxa3 23. Rc1 Bd2 24. Bxd2 Nxd2+ 25. Ke1 Nxb3 26.
Qc3 Re8 27. Qf6+ Re7 28. Qf8+ Re8 29. Qxa3 {Black resigns} 1-0

[Event "GambitGuide"]
[Site "Internet Chess Club"]
[Date "2014.10.31"]
[Round "1"]
[White "JSBach"]
[Black "born2die"]
[Result "1-0"]
[ICCResult "Black resigns"]
[WhiteElo "1646"]
[BlackElo "1927"]
[Opening "Vienna: `Frankenstein-Dracula' variation"]
[ECO "C27"]
[NIC "VG.02"]
[Time "11:38:59"]
[TimeControl "120+12"]

1. e4 e5 2. Nc3 Nf6 3. Bc4 Nxe4 4. Qh5 Nd6 5. Bb3 Nc6 6. Nb5 g6 7. Qf3 f5 8.
Qd5 Qe7 9. Nxc7+ Kd8 10. Nxa8 b6 11. d3 Bg7 12. Nh3 Bb7 13. Bg5 Bf6 14. Nxb6
axb6 15. g3 Nb4 16. Qxb7 Nxb7 17. Be3 d5 18. Bxb6+ Kc8 19. a3 Nc6 20. Bxd5
Qd6 21. Bf7 Nd4 22. Bxd4 Qxd4 23. Rb1 Rf8 24. Be6+ Kd8 25. Ng1 Ke7 26. Ne2
Qc5 27. Bb3 Nd6 28. O-O Nb5 29. c3 Rd8 30. a4 Nd6 31. Rfe1 Kf8 32. Be6 Kg7
33. b4 Qc7 34. Rb2 Nb7 35. Rd2 Qd6 36. Bc4 Qe7 37. a5 Nd6 38. Bd5 e4 39.
dxe4 Nxe4 40. Rdd1 Qe5 41. c4 Qb2 42. b5 Bc3 43. Rb1 Qa3 44. Nxc3 Nxc3 45.
Ra1 Qb4 46. Be6 Rd2 47. a6 Ne2+ 48. Kf1 Nd4 49. a7 Nxe6 50. a8=Q Qxc4+ 51.
Kg1 Qc5 52. Qa7+ Kh6 53. Qxc5 Nxc5 54. b6 {Black resigns} 1-0

[Event "GambitGuide"]
[Site "Internet Chess Club"]
[Date "2014.10.31"]
[Round "1"]
[White "JSBach"]
[Black "LittleFinin"]
[Result "0-1"]
[ICCResult "White checkmated"]
[WhiteElo "1646"]
[BlackElo "2416"]
[Opening "Vienna: `Frankenstein-Dracula' variation"]
[ECO "C27"]
[NIC "VG.02"]
[Time "11:39:46"]
[TimeControl "120+12"]

1. e4 e5 2. Nc3 Nf6 3. Bc4 Nxe4 4. Qh5 Nd6 5. Bb3 Nc6 6. Nb5 g6 7. Qf3 f5 8.
Qd5 Qe7 9. Nxc7+ Kd8 10. Nxa8 b6 11. d3 Bb7 12. Nxb6 axb6 13. Qf3 Nd4 14.
Qg3 Bg7 15. Bg5 Bf6 16. Bxf6 Qxf6 17. Ba4 b5 18. Bb3 f4 19. Qg4 h5 20. Qh3
g5 21. f3 N6f5 22. c3 Ne6 23. Bxe6 dxe6 24. O-O-O Ne3 25. Re1 g4 26. fxg4
hxg4 27. Qxe3 fxe3 28. Re2 Qf1+ 29. Kc2 e4 30. d4 Bd5 31. a3 Bc4 32. Rxe3
Bd3+ 33. Kb3 Qd1+ 34. Kb4 Qa4+ 35. Kc5 Kd7 36. h4 Rc8+ 37. Kb6 Rb8+ 38. Kc5
Qc4# {White checkmated} 0-1

[Event "GambitGuide"]
[Site "Internet Chess Club"]
[Date "2014.10.31"]
[Round "1"]
[White "JSBach"]
[Black "bergnaset"]
[Result "1-0"]
[ICCResult "Black resigns"]
[WhiteElo "1646"]
[BlackElo "1571"]
[Opening "Vienna: `Frankenstein-Dracula' variation"]
[ECO "C27"]
[NIC "VG.02"]
[Time "11:40:54"]
[TimeControl "120+12"]

1. e4 e5 2. Nc3 Nf6 3. Bc4 Nxe4 4. Qh5 Nd6 5. Bb3 Nc6 6. Nb5 g6 7. Qf3 f5 8.
Qd5 Qe7 9. Nxc7+ Kd8 10. Nxa8 b6 11. d3 Bb7 12. Nxb6 axb6 13. Qf3 Bg7 14.
Be3 b5 15. Bd5 Nd4 16. Bxd4 Bxd5 17. Bb6+ {Black resigns} 1-0

[Event "GambitGuide"]
[Site "Internet Chess Club"]
[Date "2014.10.31"]
[Round "1"]
[White "JSBach"]
[Black "Joennyxan"]
[Result "1-0"]
[ICCResult "Black resigns"]
[WhiteElo "1646"]
[BlackElo "843"]
[Opening "Vienna: `Frankenstein-Dracula' variation"]
[ECO "C27"]
[NIC "VG.02"]
[Time "11:38:27"]
[TimeControl "120+12"]

1. e4 e5 2. Nc3 Nf6 3. Bc4 Nxe4 4. Qh5 Nd6 5. Bb3 Nc6 6. Nb5 g6 7. Qf3 f5 8.
Qd5 Qe7 9. Nxc7+ Kd8 10. Nxa8 b6 11. d3 Bb7 12. Nxb6 axb6 13. Qf3 Ba6 14.
Be3 Kc7 15. Qd5 Nb4 16. Qa8 {Black resigns} 1-0

[Event "GambitGuide"]
[Site "Internet Chess Club"]
[Date "2014.10.31"]
[Round "1"]
[White "JSBach"]
[Black "littlecaesar"]
[Result "1-0"]
[ICCResult "Black resigns"]
[WhiteElo "1646"]
[BlackElo "2521"]
[Opening "Vienna: `Frankenstein-Dracula' variation"]
[ECO "C27"]
[NIC "VG.02"]
[Time "11:37:53"]
[TimeControl "120+12"]

1. e4 e5 2. Nc3 Nf6 3. Bc4 Nxe4 4. Qh5 Nd6 5. Bb3 Nc6 6. Nb5 g6 7. Qf3 f5 8.
Qd5 Qe7 9. Nxc7+ Kd8 10. Nxa8 b6 11. d3 f4 12. Ba4 Bb7 13. Nxb6 axb6 14. Qb3
Nc8 15. Nf3 Bg7 16. Bd2 g5 17. Bc3 g4 18. Ng1 Nd4 19. Bxd4 exd4+ 20. Kf1 f3
21. gxf3 gxf3 22. Re1 Qg5 23. Nxf3 Bxf3 24. Rg1 Qh6 25. Bxd7 Kxd7 26. Qf7+
Kd6 27. Qxf3 Be5 28. h3 Rf8 29. Qg4 Ne7 30. Rg2 Nd5 31. Kg1 Nf4 32. Rg3 Rf6
33. Qc8 Re6 34. Kh1 Nxh3 35. Qb8+ Kd5 36. Qb7+ Kc5 37. Rxe5+ Rxe5 38. Qc7+
Kd5 39. Qc4+ Kd6 40. Qxd4+ {Black resigns} 1-0

[Event "GambitGuide"]
[Site "Internet Chess Club"]
[Date "2014.10.31"]
[Round "1"]
[White "JSBach"]
[Black "bergnaset"]
[Result "1-0"]
[ICCResult "Black resigns"]
[WhiteElo "1646"]
[BlackElo "1571"]
[Opening "Vienna: `Frankenstein-Dracula' variation"]
[ECO "C27"]
[NIC "VG.02"]
[Time "11:41:21"]
[TimeControl "120+12"]

1. e4 e5 2. Nc3 Nf6 3. Bc4 Nxe4 4. Qh5 Nd6 5. Bb3 Nc6 6. Nb5 g6 7. Qf3 f5 8.
Qd5 Qe7 9. Nxc7+ Kd8 10. Nxa8 b6 11. d3 e4 12. dxe4 Nxe4 13. Be3 Bh6 14.
Nxb6 axb6 15. Bxb6+ Ke8 16. Kd1 Nb4 17. Qa8 Nd6 18. Bc5 Bg7 19. Qa3
{Black resigns}
1-0

[Event "GambitGuide"]
[Site "Internet Chess Club"]
[Date "2014.10.31"]
[Round "1"]
[White "JSBach"]
[Black "Fellwind"]
[Result "1-0"]
[ICCResult "Black resigns"]
[WhiteElo "1646"]
[BlackElo "1477"]
[Opening "Vienna: `Frankenstein-Dracula' variation"]
[ECO "C27"]
[NIC "VG.02"]
[Time "11:41:15"]
[TimeControl "120+12"]

1. e4 e5 2. Nc3 Nf6 3. Bc4 Nxe4 4. Qh5 Nd6 5. Bb3 Nc6 6. Nb5 g6 7. Qf3 f5 8.
Qd5 Qe7 9. Nxc7+ Kd8 10. Nxa8 b6 11. d3 Bb7 12. Nxb6 axb6 13. Qf3 e4 14.
dxe4 Nxe4 15. Be3 Bg7 16. Bxb6+ Kc8 17. Qe3 Bxb2 18. Rb1 Bc3+ 19. Kd1 Re8
20. f3 Nf2+ 21. Ke2 Nd4+ 22. Bxd4 Bxd4 23. Qxe7 Rxe7+ 24. Kf1 Ba6+ 25. c4
Nd3 26. Ne2 Bc5 27. a4 Nb4 28. Ke1 Re3 29. Kd2 Bb7 30. Nf4 Re8 31. Rhe1
{Black resigns}
1-0

[Event "GambitGuide"]
[Site "Internet Chess Club"]
[Date "2014.10.31"]
[Round "1"]
[White "JSBach"]
[Black "LittleFinin"]
[Result "0-1"]
[ICCResult "White checkmated"]
[WhiteElo "1646"]
[BlackElo "2416"]
[Opening "Vienna: `Frankenstein-Dracula' variation"]
[ECO "C27"]
[NIC "VG.02"]
[Time "11:41:40"]
[TimeControl "120+12"]

1. e4 e5 2. Nc3 Nf6 3. Bc4 Nxe4 4. Qh5 Nd6 5. Bb3 Nc6 6. Nb5 g6 7. Qf3 f5 8.
Qd5 Qe7 9. Nxc7+ Kd8 10. Nxa8 b6 11. d3 Bb7 12. Nxb6 axb6 13. Qf3 Nd4 14.
Qg3 f4 15. Qg4 Bg7 16. Ba4 b5 17. Bb3 Qf6 18. Bd2 h5 19. Qh3 g5 20. Ba5+ Ke7
21. Bb6 g4 22. c3 gxh3 23. Nxh3 N4f5 24. Rg1 Bh6 25. g4 hxg4 26. Rxg4 Bf3
27. Rg8 Rxg8 28. Bxg8 Qg6 29. Bb3 Qg2 30. Bd1 Qxh3 31. Bxf3 Qxf3 32. Kd2 e4
33. Rd1 Qxd3+ 34. Ke1 Qf3 35. a4 e3 36. fxe3 fxe3 37. Bxe3 Bxe3 38. Rxd6
Qf2+ 39. Kd1 Nxd6 40. axb5 Qd2# {White checkmated} 0-1